 Dungeon Crawl Stone Soup version 0.24.0-123-gd5b16e6ec5 (webtiles) character file.

Game seed: 13764980614535200808, levelgen mode: deterministic

376697 Mesmaeker13 the Brawler (level 21, -2/227 HPs)
             Began as a Troll Monk on Jan 6, 2020.
             Was the Champion of Wu Jian.
             Slain by a deep troll earth mage (3 damage)
             ... while paralysed by a vampire knight
             ... on level 2 of the Depths.
             The game lasted 01:55:56 (43883 turns).

Mesmaeker13 the Brawler (Troll Monk)               Turns: 43883, Time: 01:55:57

Health: -2/227     AC: 25    Str: 30    XL:     21   Next: 81%
Magic:  27/27      EV:  1    Int:  9    God:    Wu Jian [******]
Gold:   4527       SH:  0    Dex: 21    Spells: 20/20 levels left

rFire    + + .     SeeInvis +     - Unarmed
rCold    + + .     Gourm    +   z - +5 large shield of the Nightingale {+Inv Regen+ Int+3 Dex+3}
rNeg     + . .     Faith    .   K - +3 gold dragon scales
rPois    +         Spirit   .   (helmet restricted)
rElec    .         Reflect  .   J - scarf {rC+ rF+}
rCorr    +         Harm     .   (gloves unavailable)
MR       +....                  (boots unavailable)
Stlth    ..........             S - amulet of Tender Moments {*Drain +Rage rN+ SInv}
HPRegen  1.27/turn              s - +5 ring of evasion
MPRegen  0.20/turn              B - ring "Utiocaet" {+Blink rPois rCorr}

@: paralysed
A: large, unfitting armour, claws 3, agile 1, fast metabolism 3, gourmand,
regeneration 1, screaming 1, shaggy fur 1, strong 1, tough skin 3
}: 2/15 runes: decaying, gossamer
a: Wall Jump, Serpent's Lash, Heavenly Storm, Renounce Religion, Evoke Blink,
Evoke Berserk Rage, Evoke Invisibility


You were on level 2 of the Depths.
You worshipped Wu Jian.
Wu Jian was exalted by your worship.
You were completely stuffed.

You visited 8 branches of the dungeon, and saw 37 of its levels.
You visited the Abyss 2 times.
You also visited: Ice Cave.

You collected 6515 gold pieces.
You spent 1988 gold pieces at shops.

Inventory:

Hand Weapons
 c - the +8 autumn katana {slice, Clar}
   (You took it off a frost giant on level 2 of the Depths)

   It inflicts extra damage upon your enemies.
   It protects you against confusion.
 d - a +5 demon trident of electrocution
 j - a +1 demon trident of flaming
Missiles
 F - 7 throwing nets
 U - 14 curare-tipped darts
 W - 26 large rocks (quivered)
Armour
 o - a scarf of spirit shield
 z - the +5 large shield of the Nightingale (worn) {+Inv Regen+ Int+3 Dex+3}
   (You acquired it on level 2 of the Orcish Mines)

   It affects your intelligence (+3).
   It affects your dexterity (+3).
   It lets you turn invisible.
   It increases your rate of regeneration.
 J - a scarf of resistance (worn)
 K - +3 gold dragon scales (worn)
Jewellery
 s - a +5 ring of evasion (left claw)
 B - the ring "Utiocaet" (right claw) {+Blink rPois rCorr}
   (You found it on level 1 of the Spider Nest)

   [ring of resist corrosion]

   It protects you from poison.
   It lets you blink.
   It provides partial protection from all sources of acid and corrosion.
 E - an uncursed ring of fire
 N - a +5 amulet of reflection
 O - an uncursed ring of protection from cold
 S - the amulet of Tender Moments (around neck) {*Drain +Rage rN+ SInv}
   (You bought it in a shop on level 2 of the Vaults)

   [amulet of rage]

   It protects you from negative energy.
   It lets you see invisible.
   It lets you go berserk.
   It causes draining when unequipped.
 T - the macabre finger necklace {rN+}
   (You found it on level 2 of the Vaults)

   [amulet of nothing]

   It protects you from negative energy.
Wands
 q - a wand of random effects (24)
 u - a wand of digging (12)
 C - a wand of flame (9)
Scrolls
 a - 2 scrolls of torment
 e - 2 scrolls of fear
 f - 15 scrolls of teleportation
 g - a scroll of brand weapon
 l - 2 scrolls of identify
 p - 3 scrolls of blinking
 w - a scroll of magic mapping
 y - 13 scrolls of remove curse
 D - 2 scrolls of silence {unknown}
 L - 4 scrolls of enchant weapon
 R - 4 scrolls of amnesia
Potions
 h - 7 potions of flight
 k - 3 potions of might
 m - 3 potions of berserk rage
 t - 9 potions of curing
 v - 6 potions of heal wounds
 x - 2 potions of cancellation
 G - 2 potions of haste
 H - 5 potions of agility
 I - 4 potions of ambrosia
 M - a potion of mutation
 Q - a potion of invisibility
Miscellaneous
 i - a lamp of fire (inert)
 r - a box of beasts
 A - a phial of floods
Comestibles
 b - 30 rations
 n - 7 chunks of flesh


   Skills:
 + Level 17.4 Fighting
 + Level 6.6 Throwing
 - Level 11.9 Armour
 - Level 3.4 Dodging
 - Level 1.0 Stealth
 + Level 13.7 Shields
 + Level 20.1 Unarmed Combat
 - Level 10.1 Evocations


You had 20 spell levels left.
You didn't know any spells.
Your spell library contained the following spells:

 Spells                   Type           Power        Failure   Level  Hunger
 Magic Dart               Conj           #...         100%        1    ##.....
 Pain                     Necr           #...         100%        1    ##.....
 Sandblast                Erth           #.....       100%        1    ##.....
 Sting                    Conj/Pois      #...         100%        1    ##.....
 Summon Small Mammal      Summ           #...         100%        1    ##.....
 Call Imp                 Summ           #.......     100%        2    ###....
 Corpse Rot               Necr           N/A          100%        2    ###....
 Ensorcelled Hibernation  Hex/Ice        #.....       100%        2    ###....
 Passwall                 Tmut/Erth      #.......     100%        2    ###....
 Poisonous Vapours        Pois/Air       #.....       100%        2    ###....
 Searing Ray              Conj           #.....       100%        2    ###....
 Sublimation of Blood     Necr           #.........   100%        2    ###....
 Swiftness                Chrm/Air       #.......     100%        2    ###....
 Throw Frost              Conj/Ice       #.....       100%        2    ###....
 Call Canine Familiar     Summ           #.......     100%        3    ####...
 Dazzling Spray           Conj/Hex       #.....       100%        3    ####...
 Gell's Gravitas          Tloc           #.........   100%        3    ####...
 Ignite Poison            Fire/Tmut/Pois #.......     100%        3    ####...
 Lesser Beckoning         Tloc           #.........   100%        3    ####...
 Mephitic Cloud           Conj/Pois/Air  #.......     100%        3    ####...
 Portal Projectile        Hex/Tloc       #.....       100%        3    ####...
 Recall                   Summ/Tloc      N/A          100%        3    ####...
 Stone Arrow              Conj/Erth      #.....       100%        3    ####...
 Summon Guardian Golem    Hex/Summ       #.......     100%        3    ####...
 Force Lance              Conj/Tloc      #.......     100%        4    #####..
 Fulminant Prism          Conj/Hex       #.........   100%        4    #####..
 Iskenderun's Mystic Bla  Conj           #.......     100%        4    #####..
 Olgreb's Toxic Radiance  Pois           #.......     100%        4    #####..
 Passage of Golubria      Tloc           N/A          100%        4    #####..
 Petrify                  Tmut/Erth      #.......     100%        4    #####..
 Summon Ice Beast         Ice/Summ       #.......     100%        4    #####..
 Summon Lightning Spire   Summ/Air       #.......     100%        4    #####..
 Agony                    Necr           #.......     100%        5    ######.
 Alistair's Intoxication  Tmut/Pois      #.......     100%        5    ######.
 Aura of Abjuration       Summ           #.........   100%        5    ######.
 Bolt of Draining         Conj/Necr      #.........   100%        5    ######.
 Bolt of Magma            Conj/Fire/Erth #.........   100%        5    ######.
 Borgnjor's Vile Clutch   Necr/Erth      #.........   100%        5    ######.
 Dispel Undead            Necr           #.......     100%        5    ######.
 Excruciating Wounds      Chrm/Necr      #.........   100%        5    ######.
 Irradiate                Conj/Tmut      #.........   100%        5    ######.
 Iskenderun's Battlesphe  Conj/Chrm      #.......     100%        5    ######.
 Lee's Rapid Deconstruct  Erth           #.........   100%        5    ######.
 Silence                  Hex/Air        #.........   100%        5    ######.
 Summon Demon             Summ           #.........   100%        5    ######.
 Summon Forest            Summ/Tloc      #.........   100%        5    ######.
 Summon Mana Viper        Hex/Summ       #.......     100%        5    ######.
 Venom Bolt               Conj/Pois      #.........   100%        5    ######.
 Conjure Ball Lightning   Conj/Air       #.........   100%        6    #######
 Darkness                 Hex            #.........   100%        6    #######
 Deflect Missiles         Chrm/Air       #.........   100%        6    #######
 Dispersal                Tloc           #.........   100%        6    #######
 Invisibility             Hex            #.......     100%        6    #######
 Iron Shot                Conj/Erth      #.........   100%        6    #######
 Shadow Creatures         Summ           N/A          100%        6    #######
 Haunt                    Necr/Summ      #.........   100%        7    #######
 Orb of Destruction       Conj           #.........   100%        7    #######
 Spellforged Servitor     Conj/Summ      #.........   100%        7    #######
 Borgnjor's Revivificati  Necr           #.........   100%        8    #######
 Controlled Blink         Tloc           N/A          100%        8    #######
 Death's Door             Chrm/Necr      #.........   100%        8    #######
 Disjunction              Tloc           #.........   100%        8    #######
 Infestation              Necr           #.........   100%        8    #######
 Necromutation            Tmut/Necr      #.........   100%        8    #######
 Tornado                  Air            #.........   100%        9    #######


Dungeon Overview and Level Annotations

Branches:
Dungeon (15/15)            Temple (1/1) D:5            Lair (6/6) D:8
  Swamp (4/4) Lair:4       Spider (4/4) Lair:4        Slime (0/5) Lair:5
    Orc (2/2) D:10            Elf (0/3) Orc:2        Vaults (2/5) D:14
 Depths (3/5) D:15          IceCv (visited)
  Crypt: Vaults:2-3

Altars:
Ashenzari
Cheibriados
Dithmenos
Elyvilon
Fedhas
Gozag
Hepliaklqana
Kikubaaqudgha
Makhleb
Nemelex Xobeh
Okawaru
Qazlal
Ru
Sif Muna
Trog
Uskayaw
Vehumet
Wu Jian
Xom
Yredelemnul
Zin
The Shining One
Beogh

Shops:
Orc:2 *:%=?   Vaults:1 :   Vaults:2 =   Depths:1 }=}

Portals:
Hell: Lair:6 Depths:1 Depths:2
Pandemonium: Depths:2 Depths:3
Ziggurat: Depths:2

Annotations:
D:10 exclusion: door
D:12 exclusions: oklob plant and oklob sapling
Depths:1 3 runed translucent doors, Ereth's ghost, adept TrFi


Innate Abilities, Weirdness & Mutations

You are too large for most types of armour.
You have claws for hands.
Your metabolism is lightning-fast.
You like to eat raw meat.
Your natural rate of healing is unusually fast.
You are covered in fur. (AC +1)
You have extremely tough skin. (AC +3)
You are agile. (Dex +2)
You occasionally shout uncontrollably at your foes.
Your muscles are strong. (Str +2)


Message History

The vampire knight hits you with a +0 war axe!
* * * LOW HITPOINT WARNING * * *
The vampire knight bites you but does no damage.
The deep troll earth mage bites you but does no damage.
The deep troll earth mage claws you!
* * * LOW HITPOINT WARNING * * *
The deep troll earth mage claws you.
* * * LOW HITPOINT WARNING * * *
The vampire knight is infused with unholy energy.
* * * LOW HITPOINT WARNING * * *
The vampire knight draws life force from you and is healed!
The deep troll bites you but does no damage.
The deep troll claws you but does no damage.
The deep troll claws you!
* * * LOW HITPOINT WARNING * * *
The vampire knight hits you with a +0 war axe.
* * * LOW HITPOINT WARNING * * *
The vampire knight bites you but does no damage.
The deep troll earth mage bites you.
You die...

...........((##.......'...♣ ♣.♣♣
###.####.###(##..).#'##...♣♣♣..♣
[........# #[##...##.#....♣♣..♣♣
#.#.#...####(####'#..'....♣♣...♣
..#....#.#......#....###..♣♣..♣♣
#.#.#.###.)#....'....#.###♣♣..♣♣
(.....##...#....#T†>)#...# ♣...♣
.)#.#.###.##).##TTu([#...# ♣...♣
##...#[#.#.#....@Vcc)#'#.# ♣♣.♣♣
#......#.#......###....###♣♣♣.♣♣♣
.#[..#.#.#)#......'.....'...#....
#.#.#.#.####..#.^.#....#..###....
........##.#..##............#####
..###...#.##...'.............'..#
..###.##.##....#....≈≈≈≈≈....#...
..##..#.#..#......≈≈..###≈≈.....#
.....#.##..#.....≈≈..#####≈≈...'#


You could see a vampire knight (invisible), a brown ugly thing, a deep troll, 2
deep troll earth magi and 2 yaktaurs.

Vanquished Creatures
  A golden dragon (Depths:2)
  Arachne (Spider:4)
  Jorgrun (Orc:1)
  A tentacled monstrosity (Depths:2)
  4 liches
  Asterion (Lair:4)
  A deep elf blademaster (Depths:2)
  A sphinx (Vaults:1)
  A thorn hunter (Swamp:4)
  Agnes (D:15)
  A shadow dragon (Depths:2)
  Donald (Spider:1)
  A tengu reaver (Depths:1)
  5 nagarajas (Depths:1)
  6 fire giants
  5 frost giants
  A deep elf sorcerer (Vaults:1)
  2 ghost moths
  7 vault wardens
  7 emperor scorpions
  Aizul (Spider:4)
  2 orc warlords (Orc:2)
  2 spriggan defenders (Depths:2)
  Louise (Swamp:2)
  11 ironheart preservers
  7 very ugly things
  11 stone giants
  4 entropy weavers
  2 vampire knights (Depths:2)
  A minotaur (Depths:2)
  A deep elf demonologist (Vaults:1)
  2 spark wasps (Depths:2)
  2 merfolk impalers (Depths:1)
  6 ettins
  Josephine (Lair:5)
  7 fire dragons
  5 yaktaur captains
  A great orb of eyes (shapeshifter) (Vaults:2)
  6 great orbs of eyes
  29 hydras
  5 naga warriors (Depths:1)
  Harold (Orc:1)
  5 ice dragons
  4 rakshasas
  8 vault guards
  A catoblepas (Lair:6)
  A spriggan air mage (Depths:2)
  A death knight (Vaults:2)
  5 centaur warriors
  2 anacondas (Depths:1)
  13 death yaks
  8 two-headed ogres
  8 ogre magi
  5 alligators
  7 deep troll shamans
  7 tengu warriors
  10 deep troll earth magi
  2 spriggans
  A deep elf knight (Vaults:2)
  2 orc high priests (Orc:2)
  A spriggan berserker (Depths:1)
  Nergalle (Lair:3)
  Sonja (D:13)
  7 skeletal warriors
  An iron troll (Depths:1)
  4 hell knights (Depths:2)
  A sixfirhy (Lair:6)
  A fire crab (shapeshifter) (Vaults:1)
  5 wizards
  2 shadow wraiths
  A spriggan druid (Swamp:4)
  A flayed ghost (Vaults:2)
  11 swamp dragons
  9 deep trolls
  3 glowing orange brains (Depths:2)
  2 unseen horrors
  6 deep elf archers (Vaults:2)
  2 lindwurms (Depths:1)
  A harpy (shapeshifter) (Depths:2)
  A phantasmal warrior (Vaults:2)
  10 ironbrand convokers
  5 necromancers
  3 orc sorcerers
  18 wolf spiders
  14 orc knights
  11 deep elf magi
  12 orb spiders
  A manticore (D:11)
  A shining eye (Depths:2)
  A stone giant zombie (Vaults:1)
  60 ugly things
  13 elephants
  3 cyclopes (Vaults:1)
  3 orange demons (Lair:6)
  An ice statue (IceCv)
  A black mamba (Lair:6)
  4 guardian serpents (Depths:1)
  7 vault sentinels
  3 gargoyles
  2 eyes of devastation (Depths:2)
  A torpor snail (Spider:1)
  12 spiny frogs
  3 ice devils
  2 kobold demonologists (D:14)
  10 komodo dragons
  2 freezing wraiths
  8 demonic crawlers
  2 efreet (D:15)
  33 yaktaurs
  8 rime drakes
  A hellwing (Lair:6)
  A red devil (Lair:6)
  2 tengu conjurers (Depths:2)
  8 trolls
  3 meliai (D:15)
  11 tyrant leeches
  7 hornets
  Grinder (D:4)
  23 jumping spiders
  14 polar bears
  12 blink frogs
  10 hippogriffs
  11 bog bodies
  27 slime creatures
  14 dream sheep
  A centaur simulacrum (D:14)
  47 redbacks
  2 shadows
  A tarantella (shapeshifter) (Vaults:2)
  27 tarantellas
  88 yaks
  6 water elementals (Depths:1)
  7 wraiths
  A wyvern (Lair:3)
  2 vampires
  2 basilisks
  2 humans (D:9)
  10 vampire mosquitoes
  2 hungry ghosts
  10 insubstantial wisps (Swamp:2)
  15 wargs
  21 swamp worms
  Edmund (D:4)
  An acid dragon (shapeshifter) (Depths:2)
  2 acid dragons
  21 water moccasins
  An ogre zombie (Vaults:1)
  13 nagas (Depths:1)
  Duvessa (D:5)
  13 porcupines
  A floating eye (Depths:2)
  4 hell hounds (Lair:6)
  53 orc warriors
  2 ice beasts
  11 swamp drakes
  A black bear (D:11)
  12 boggarts
  3 eyes of draining
  2 eyes of draining (shapeshifter)
  An orc zombie (Vaults:1)
  5 sky beasts
  A phantom (D:5)
  15 wolves (IceCv)
  11 centaurs
  32 ogres
  19 crocodiles
  7 big kobolds
  A gnoll sergeant (D:9)
  21 bullfrogs
  A wyvern skeleton (D:12)
  Dowan (D:5)
  8 scorpions
  8 killer bees
  2 electric eels (Spider:2)
  5 howler monkeys
  3 centaur zombies
  A quasit (D:10)
  8 crimson imps
  8 hounds
  9 jellies
  Crazy Yiuf (D:3)
  12 orc priests
  3 centaur skeletons
  22 orc wizards
  2 bullfrog skeletons
  A gnoll shaman (D:10)
  7 iguanas
  Natasha (thrice) (D:4 D:5)
  14 worker ants
  2 hound zombies
  A hound skeleton (D:9)
  4 human simulacra
  2 worker ant zombies
  11 gnolls
  24 adders
  3 shadow imps
  An ooze (D:4)
  2 dart slugs (D:2)
  5 worms
  7 leopard geckos
  105 orcs
  7 bats
  2 giant cockroaches
  8 goblins
  2 hobgoblins (D:1)
  8 jackals
  5 quokkas
  9 ball pythons
  6 frilled lizards
  22 kobolds
  A quokka skeleton (D:8)
  5 rats
  A fungus (Lair:2)
  2 plants (Lair:5)
1570 creatures vanquished.

Vanquished Creatures (collateral kills)
  A wolf spider (Spider:4)
  A moth of wrath (Spider:4)
  A redback (Spider:4)
  A water elemental (Depths:1)
  A bullfrog (shapeshifter) (Depths:2)
  3 orcs (Orc:2)
8 creatures vanquished.

Vanquished Creatures (others)
  An emperor scorpion (Spider:4)
  An ettin (Depths:2)
  An ugly thing (Depths:1)
  A troll (Orc:2)
  A redback (Spider:4)
  A yak (IceCv)
  An orc warrior (Orc:2)
  3 wolves (IceCv)
  A wyvern skeleton (D:14)
  4 bushes (Lair:6)
  17 fungi
  12 plants
44 creatures vanquished.

Grand Total: 1622 creatures vanquished

Notes
Turn   | Place    | Note
-------+----------+-------------------------------------------
     0 | D:1      | Mesmaeker13 the Troll Monk began the quest for the Orb.
     0 | D:1      | Reached XP level 1. HP: 22/22 MP: 0/0
   366 | D:1      | Reached XP level 2. HP: 29/29 MP: 1/1
   872 | D:2      | Reached XP level 3. HP: 35/36 MP: 2/2
  1167 | D:2      | Found a glowing golden altar of the Shining One.
  1748 | D:3      | Reached XP level 4. HP: 45/45 MP: 3/3
  1889 | D:3      | Reached skill level 4 in Unarmed Combat
  1889 | D:3      | Reached XP level 5. HP: 51/53 MP: 4/4
  2479 | D:3      | Found a runed translucent door.
  2480 | D:3      | Noticed Crazy Yiuf
  2638 | D:4      | Noticed Natasha
  2645 | D:4      | Killed Natasha
  2850 | D:4      | Noticed Edmund
  2873 | D:4      | Killed Edmund
  2873 | D:4      | Reached skill level 1 in Armour
  2873 | D:4      | Reached XP level 6. HP: 52/62 MP: 5/5
  2956 | D:4      | Noticed Natasha
  2962 | D:4      | Killed Natasha
  2970 | D:4      | Noticed Grinder
  2990 | D:4      | Paralysed by Grinder for 6 turns
  3002 | D:4      | Killed Grinder
  3002 | D:4      | Reached skill level 5 in Unarmed Combat
  3002 | D:4      | Reached XP level 7. HP: 71/71 MP: 6/6
  3049 | D:4      | Noticed Natasha
  3066 | D:5      | Entered Level 5 of the Dungeon
  3066 | D:5      | Noticed Duvessa
  3066 | D:5      | Noticed Dowan
  3073 | D:5      | Killed Duvessa
  3078 | D:5      | Killed Natasha
  3086 | D:5      | Killed Dowan
  3210 | D:5      | Reached skill level 6 in Unarmed Combat
  3337 | D:5      | Reached skill level 5 in Fighting
  3345 | D:5      | Reached XP level 8. HP: 80/80 MP: 7/7
  3685 | D:5      | Found a staircase to the Ecumenical Temple.
  3706 | Temple   | Entered the Ecumenical Temple
  3788 | Temple   | Became a worshipper of the Wu Jian Council
  3788 | Temple   | Reached * piety under Wu Jian
  3788 | Temple   | Reached ** piety under Wu Jian
  4268 | D:6      | Reached skill level 7 in Unarmed Combat
  4698 | D:6      | Reached XP level 9. HP: 88/89 MP: 8/8
  4714 | D:6      | Got a jewelled whip
  5019 | D:7      | Reached skill level 5 in Armour
  5019 | D:7      | Reached skill level 1 in Evocations
  5171 | D:7      | Reached *** piety under Wu Jian
  5317 | D:7      | Identified the cursed +2 whip of the Invisible Cities
                  | {flame, rC+ Dex+4} (You found it on level 6 of the Dungeon)
  5594 | D:8      | Reached skill level 8 in Unarmed Combat
  5832 | D:8      | Reached **** piety under Wu Jian
  5857 | D:8      | Found a shimmering altar of Xom.
  5914 | D:8      | Found a glowing silver altar of Zin.
  5921 | D:8      | Found a hide-covered altar of Uskayaw.
  5923 | D:8      | Found a burning altar of Makhleb.
  5923 | D:8      | Found a snail-covered altar of Cheibriados.
  6002 | D:8      | Found a staircase to the Lair.
  6222 | D:9      | Reached XP level 10. HP: 97/102 MP: 11/11
  6535 | D:9      | Found an iron altar of Okawaru.
  6808 | D:10     | Entered Level 10 of the Dungeon
  6886 | D:10     | Found a staircase to the Orcish Mines.
  6987 | D:10     | Reached skill level 9 in Unarmed Combat
  7314 | D:10     | Reached ***** piety under Wu Jian
  7465 | D:10     | Noticed a two-headed ogre
  7473 | D:10     | Killed a two-headed ogre
  8030 | D:3      | Killed Crazy Yiuf
  8163 | Lair:1   | Entered Level 1 of the Lair of Beasts
  8314 | D:11     | Reached XP level 11. HP: 106/111 MP: 13/13
  8348 | D:11     | Noticed a red ugly thing
  8514 | Lair:1   | Reached skill level 5 in Evocations
  8535 | Lair:1   | Reached skill level 10 in Unarmed Combat
  8575 | Lair:1   | Got a brightly glowing morningstar
  8576 | Lair:1   | Identified the cursed +0 morningstar "Simy" {flame, Int+4}
                  | (You found it on level 1 of the Lair of Beasts)
  8683 | Lair:1   | Noticed a seven-headed hydra
  8698 | Lair:1   | Killed a nine-headed hydra
  9414 | Lair:2   | Noticed a five-headed hydra
  9438 | Lair:2   | Killed a five-headed hydra
  9756 | Lair:2   | Noticed a five-headed hydra
  9760 | Lair:2   | Killed a five-headed hydra
  9760 | Lair:2   | Reached XP level 12. HP: 123/123 MP: 15/15
 10410 | Lair:3   | Noticed an eight-headed hydra
 10474 | Lair:3   | Killed a nine-headed hydra
 10618 | Lair:3   | Reached skill level 11 in Unarmed Combat
 10821 | Lair:3   | Noticed a death yak
 10845 | Lair:3   | Killed a death yak
 10990 | Lair:3   | Noticed a death yak
 10990 | Lair:3   | Noticed a death yak
 11009 | Lair:3   | Killed a death yak
 11022 | Lair:3   | Killed a death yak
 11223 | Lair:3   | Noticed a four-headed hydra
 11235 | Lair:3   | Killed a four-headed hydra
 11699 | Lair:3   | Noticed a seven-headed hydra
 11770 | Lair:3   | Killed a seven-headed hydra
 12176 | Lair:4   | Noticed Nergalle
 12196 | Lair:3   | Killed Nergalle
 12225 | Lair:4   | Noticed a six-headed hydra
 12230 | Lair:4   | Killed a six-headed hydra
 12230 | Lair:4   | Reached skill level 10 in Fighting
 12324 | Lair:4   | Found a staircase to the Swamp.
 12549 | Lair:4   | Found an ornate altar of the Wu Jian Council.
 12549 | Lair:4   | Reached XP level 13. HP: 133/133 MP: 17/17
 12943 | Lair:4   | Found a hole to the Spider Nest.
 13051 | Lair:4   | Reached skill level 12 in Unarmed Combat
 13924 | Lair:5   | Found a staircase to the Slime Pits.
 14031 | Lair:5   | Got a brightly glowing tin amulet
 14043 | Lair:5   | Reached skill level 10 in Armour
 14050 | Lair:5   | Reached ****** piety under Wu Jian
 14056 | Lair:5   | Identified the amulet "Dyasoxt" {Inacc *Slow rC+ SInv} (You
                  | found it on level 5 of the Lair of Beasts)
 14472 | Lair:5   | Got a creamy pearl robe
 14716 | Lair:6   | Entered Level 6 of the Lair of Beasts
 14716 | Lair:6   | Found a frozen archway.
 14721 | Lair:6   | Noticed Josephine
 14905 | Lair:5   | Killed Josephine
 14994 | IceCv    | Entered an ice cave
 15573 | IceCv    | Reached XP level 14. HP: 146/146 MP: 19/19
 15649 | IceCv    | Noticed a frost giant
 15680 | IceCv    | Killed a frost giant
 15680 | IceCv    | Reached skill level 13 in Unarmed Combat
 15790 | IceCv    | Identified the Compendium of Dislocation and Battle Magic
 16941 | Lair:6   | Paralysed by a wizard for 3 turns
 16968 | Lair:6   | Found a burning altar of Makhleb.
 17240 | Lair:6   | Found a gateway to Hell.
 17803 | Orc:1    | Entered Level 1 of the Orcish Mines
 17841 | Orc:1    | Noticed Jorgrun
 17973 | Orc:1    | Killed Jorgrun
 18314 | Orc:1    | Reached XP level 15. HP: 128/156 MP: 21/21
 18367 | Orc:2    | Entered Level 2 of the Orcish Mines
 18679 | Orc:2    | Found Johumyag's Food Shoppe.
 18710 | Orc:2    | Reached skill level 14 in Unarmed Combat
 18737 | Orc:2    | Noticed an orc warlord
 18754 | Orc:2    | Killed an orc warlord
 18780 | Orc:2    | Identified the +4 chain mail of Royalty {rC+ rN+ MR+ Int+2
                  | Slay+2}
 18780 | Orc:2    | Noticed an orc warlord
 18822 | Orc:2    | Killed an orc warlord
 19470 | Orc:2    | Found a staircase to the Elven Halls.
 19507 | Orc:1    | Noticed Harold
 19523 | Orc:1    | Killed Harold
 19525 | Orc:1    | Reached skill level 10 in Evocations
 20012 | Orc:2    | Found a roughly hewn altar of Beogh.
 20019 | Orc:2    | Found Tovoff's Magic Scroll Shop.
 20019 | Orc:2    | Found Wiurunaz's Jewellery Emporium.
 20108 | Orc:2    | Identified Cigotuvi's Papyrus of Unstable Black Rituals
 20318 | Orc:2    | Found Qauffeng's Book Shop.
 20318 | Orc:2    | Found Gaegg's General Store.
 20455 | Orc:2    | Bought a +5 ring of evasion for 825 gold pieces
 20466 | Orc:2    | Bought a scroll of acquirement for 572 gold pieces
 20466 | Orc:2    | Bought a scroll of identify for 22 gold pieces
 20470 | Orc:2    | Got a brightly glowing large shield
 20471 | Orc:2    | Identified the +5 large shield of the Nightingale {+Inv
                  | Regen+ Int+3 Dex+3} (You acquired it on level 2 of the
                  | Orcish Mines)
 20490 | Orc:2    | Bought a scroll of identify for 22 gold pieces
 20491 | Orc:2    | Identified the cursed +0 robe "Plog" {rC++} (You found it
                  | on level 5 of the Lair of Beasts)
 20673 | D:11     | Reached skill level 1 in Shields
 21871 | D:13     | Noticed Sonja
 21913 | D:13     | Killed Sonja
 22579 | D:14     | Found a sacrificial altar of Ru.
 22793 | D:14     | Got an ancient plate armour
 22794 | D:14     | Identified the cursed +1 plate armour of Beogh's Generosity
                  | {rF+ SInv} (You found it on level 14 of the Dungeon)
 22821 | D:14     | Found a gate to the Vaults.
 22827 | D:14     | Cast into level 3 of the Abyss (a wizard)
 22851 | D:14     | Escaped the Abyss
 23572 | D:15     | Entered Level 15 of the Dungeon
 23585 | D:15     | Noticed Agnes
 23598 | D:15     | Killed Agnes
 23598 | D:15     | Reached XP level 16. HP: 167/167 MP: 22/22
 23617 | D:15     | Found a staircase to the Depths.
 23783 | D:15     | Reached skill level 15 in Unarmed Combat
 24778 | Spider:1 | Entered Level 1 of the Spider Nest
 24895 | Spider:1 | Noticed Asterion
 25684 | Lair:4   | Noticed an Executioner
 25700 | Lair:4   | Killed Asterion
 25869 | Spider:1 | Reached skill level 5 in Shields
 26477 | Spider:1 | Noticed Donald
 26495 | Spider:1 | Killed Donald
 26815 | Spider:1 | Got a bound copper ring
 27750 | Spider:3 | Identified the ring "Utiocaet" {+Blink rPois rCorr} (You
                  | found it on level 1 of the Spider Nest)
 28668 | Spider:4 | Entered Level 4 of the Spider Nest
 28912 | Spider:4 | Noticed Arachne
 28927 | Spider:4 | Killed Arachne
 29021 | Spider:4 | Reached skill level 16 in Unarmed Combat
 29304 | Spider:4 | HP: 8/171 [redback (4)]
 29309 | Spider:4 | HP: 7/171 [demonic crawler (7)]
 29839 | Spider:4 | Reached XP level 17. HP: 179/179 MP: 23/23
 30482 | Spider:4 | Noticed Aizul
 30504 | Spider:4 | Killed Aizul
 30571 | Spider:4 | Got a gossamer rune of Zot
 30751 | Swamp:1  | Entered Level 1 of the Swamp
 31230 | Swamp:1  | You fall into a shaft and drop 1 floor!
 31579 | Swamp:2  | Noticed Louise
 31609 | Swamp:2  | Killed Louise
 32446 | Swamp:3  | Reached XP level 18. HP: 191/191 MP: 24/24
 33318 | Swamp:4  | Entered Level 4 of the Swamp
 33551 | Swamp:3  | Reached skill level 17 in Unarmed Combat
 34289 | Swamp:4  | Got a decaying rune of Zot
 34843 | Swamp:4  | Got a slimy dagger
 34845 | Swamp:4  | Identified the cursed +3 dagger "Tisyel" {pierce, *Corrode
                  | +Inv +Fly Str+6} (You found it on level 4 of the Swamp)
 35159 | Vaults:1 | Entered Level 1 of the Vaults
 35332 | Vaults:1 | Found Kidaeruo's Book Emporium.
 35402 | Vaults:1 | Reached skill level 15 in Fighting
 35622 | Vaults:1 | Reached XP level 19. HP: 179/201 MP: 25/25
 35628 | Vaults:1 | Reached skill level 10 in Shields
 35652 | Vaults:1 | Paralysed by a sphinx for 4 turns
 35663 | Vaults:1 | Gained mutation: You are agile. (Dex +2) [potion of
                  | mutation]
 35663 | Vaults:1 | Gained mutation: Your muscles are strong. (Str +2) [potion
                  | of mutation]
 35665 | Vaults:1 | Cast into level 3 of the Abyss (a deep elf sorcerer)
 35706 | Abyss:4  | Found a corrupted altar of Lugonu.
 35732 | Abyss:5  | Entered Level 5 of the Abyss
 35752 | Vaults:1 | Escaped the Abyss
 36458 | Vaults:1 | Reached skill level 18 in Unarmed Combat
 37101 | Vaults:2 | Found Celog's Jewellery Shoppe.
 37138 | Vaults:2 | Bought the amulet of Tender Moments {*Drain +Rage rN+ SInv}
                  | for 547 gold pieces
 37871 | Vaults:2 | Found the macabre finger necklace {rN+}
 38116 | Vaults:2 | Reached XP level 20. HP: 204/213 MP: 26/26
 38807 | Depths:1 | Entered Level 1 of the Depths
 39222 | Depths:1 | Reached skill level 19 in Unarmed Combat
 39713 | Depths:1 | Found Loub's Gadget Shop.
 39714 | Depths:1 | Found Teve's Jewellery Shoppe.
 39715 | Depths:1 | Found Keodugg's Gadget Shop.
 40293 | Depths:1 | Reached skill level 1 in Throwing
 40488 | Depths:1 | Found a runed translucent gate.
 40488 | Depths:1 | Found a runed translucent gate.
 40489 | Depths:1 | Noticed Ereth's ghost (adept TrFi)
 40489 | Depths:1 | Found a runed translucent gate.
 41366 | Depths:2 | Identified the +8 war axe of Beogh {chop, rN++ Str-2 Dex+7}
 41415 | Depths:1 | Reached XP level 21. HP: 106/224 MP: 27/27
 41540 | Depths:2 | Noticed a golden dragon
 41552 | Depths:2 | Killed a golden dragon
 41572 | Depths:2 | Identified the ring of Diucew {Ice +Blink +Fly Str+3}
 41833 | Depths:2 | Reached skill level 5 in Throwing
 43000 | Depths:2 | Reached skill level 20 in Unarmed Combat
 43321 | Depths:2 | Found a one-way gate leading to the halls of Pandemonium.
 43542 | Depths:2 | Found a gateway to a ziggurat.
 43544 | Depths:2 | Paralysed by a floating eye for 4 turns
 43549 | Depths:2 | Gained mutation: You occasionally shout uncontrollably at
                  | your foes. [a shining eye]
 43880 | Depths:2 | Paralysed by a vampire knight for 7 turns
 43883 | Depths:2 | HP: 11/227 [vampire knight/vampiric draining (11)]
 43883 | Depths:2 | HP: 4/227 [deep troll (7)]
 43883 | Depths:2 | HP: 1/227 [vampire knight/+0 war axe (3)]
 43883 | Depths:2 | Slain by a deep troll earth mage

Levels and vault maps discovered:
D:1:      matt_arrival_los_fun, layout_loops_ring
D:2:      layout_basic, nicolae_tso_carved_into_rock, first_ration
D:3:      layout_loops_ring, uniq_crazy_yiuf_cottage
D:4:      layout_basic, kennysheep_generic_room_10, uniq_natasha, uniq_edmund,
          uniq_grinder
D:5:      layout_basic, minmay_temple_entry_stoned_glass, uniq_duvessa
D:6:      layout_loops_cross
D:7:      layout_basic
D:8:      layout_rooms, nicolae_overflow_crystal_walls, minitemple,
          lair_entry_dummy
D:9:      layout_cave_pods, grunt_pizzeria, okawaru_humans
D:10:     cheibrodos_two_vegetables, layout_gridville, orc_0_dummy
D:11:     layout_rooms, minmay_pinched_square
D:12:     layout_rooms, introduction_to_nature_2
D:13:     layout_rooms, uniq_sonja
D:14:     layout_basic, david_vaults_1, nicolae_ru_path_of_blood,
          bh_circular_ruins
D:15:     grunt_enter_depths_giant_problem, layout_small_grid,
          wad_floor_pattern_1, uniq_agnes
Temple:   eino_temple_rhombus
Lair:1:   layout_hall_layers, grunt_megastairs_2
Lair:2:   layout_chaotic_city, chequers_serial_rivers_small_b
Lair:3:   layout_roguey, grunt_megastairs_3, serial_bayou_shore_b
Lair:4:   layout_roguey, minmay_swamp_entry_reptiles,
          nicolae_spider_entry_non_spiders, basic_altar,
          hangedman_lair_generics_rect, infiniplex_staircase_pool, uniq_nergalle
Lair:5:   layout_roguey, minmay_slime_entry_pillars, minivault_19
Lair:6:   evil_forest, layout_loops_ring, portal_ice_cave_entry_pillars_1,
          uniq_josephine
Swamp:1:  layout_falls_marsh, evilmike_swamp_ruin_house_3, swamp_pool5
Swamp:2:  layout_falls_marsh, evilmike_swamp_ruin_house_1, uniq_louise
Swamp:3:  layout_falls_marsh, nicolae_swamp_very_dense_foliage
Swamp:4:  swamp_alternative, layout_basic_swamp, swamp_pool3
Spider:1: layout_chambers, uniq_asterion, uniq_donald
Spider:2: layout_spider_delve, nicolae_spider_webbed_stairs
Spider:3: layout_spider_delve, nicolae_spider_cling_ruins
Spider:4: grunt_spider_rune_circles, drop_trap, uniq_arachne, uniq_aizul
Orc:1:    layout_diamond_mine, uniq_jorgrun, uniq_harold
Orc:2:    st_orc_town, layout_caves, serial_shops, nicolae_shop_statue_plus,
          minmay_orc_treasury
Vaults:1: v_misc_4, nicolae_vaults_meeting, vaults_room_hallway,
          nicolae_vaults_theta, v_rooms_3, hangedman_vaults_river_flow,
          nicolae_vaults_asterisk, grunt_vaults_twisty, v_misc_29,
          grunt_vaults_diagonal, vaults_room_door_hall, v_misc_19,
          layout_vaults_big_cross, serial_shops, shop
Vaults:2: v_rooms_1, ontoclasm_vaults_fault, hangedman_vaults_variations,
          nicolae_vaults_twisting_passages, vaults_standard_mumra_lines,
          vaults_mumra_chevron, vaults_room_semicircle, vaults_mumra_hex,
          v_alt_pattern_2, nicolae_vaults_an_arrangement,
          nicolae_vaults_diagonal_hallway_6, vaults_mumra_lcd,
          vaults_room_stairs_pillars, layout_vaults_omnibox, serial_shops,
          nicolae_shop_statue_plus
Depths:1: layout_cave_pools, biasface_ghost_demon_polymorph, fountainhead,
          pf_hell_entry_great_geh, roderic_serpentine_path,
          hangedman_abyss_or_decor_stabs, minmay_serpent_palace,
          minmay_shop_grove
Depths:2: minmay_the_grid_square_5x5_5x5_mashed
          [minmay_the_grid_square_5x5_moneybag,
          minmay_the_grid_square_5x5_hollow_slash,
          minmay_the_grid_square_5x5_three_walls,
          minmay_the_grid_square_5x5_doubleslash,
          minmay_the_grid_square_5x5_half_checkered,
          minmay_the_grid_square_5x5_two_walls_a,
          minmay_the_grid_square_5x5_prize_gold,
          minmay_the_grid_square_5x5_checkered_statues,
          minmay_the_grid_square_5x5_prize_waves,
          minmay_the_grid_square_5x5_shuriken,
          minmay_the_grid_square_5x5_dogpile, minmay_the_grid_square_5x5_slash,
          minmay_the_grid_square_5x5_prize_rear_guard,
          minmay_the_grid_square_5x5_bite, minmay_the_grid_square_5x5_percent,
          minmay_the_grid_square_5x5_corner,
          minmay_the_grid_square_5x5_prize_monsterx,
          minmay_the_grid_square_5x5_n_small,
          minmay_the_grid_square_5x5_prize_itemx,
          minmay_the_grid_square_5x5_two_small,
          minmay_the_grid_square_5x5_seven,
          minmay_the_grid_square_5x5_broken_cross,
          minmay_the_grid_square_5x5_three, minmay_the_grid_square_5x5_meh,
          minmay_the_grid_square_5x5_inverted_slash], layout_honeycomb,
          enter_ziggurat_d, pf_coc_iceberg, pan_entry,
          wheals_unrand_guarded_autumn_katana
Depths:3: nooodl_heptagram, layout_cave_pools, serial_column_ruins,
          column_ruins_hut, column_ruins_hut_ruined, column_ruins_grid_4,
          column_ruins_open_large, column_ruins_open_small,
          column_ruins_open_small, column_ruins_open_small_water,
          column_ruins_columns_corner, grunt_hell_horde, pan_entry

Skill      XL: |  1  2  3  4  5  6  7  8  9 10 11 12 13 14 15 16 17 18 19 20 21 |
---------------+----------------------------------------------------------------+-----
Fighting       | 3 4 5 6 7 8 9 10 11 12 13 14 15 16 17 | 17.4
Dodging        | 3 |  3.4
Unarmed Combat | 4 5 6 7 8 9 10 11 12 13 14 16 17 18 19 20 | 20.1
Armour         | 1 2 3 4 6 7 8 9 10 11 | 11.9
Evocations     | 3 4 6 7 8 9 10 | 10.1
Shields        | 3 7 8 9 11 12 13 | 13.7
Throwing       | 3 6 |  6.6
Stealth        | |  1.0

Action                   |  1- 3 |  4- 6 |  7- 9 | 10-12 | 13-15 | 16-18 | 19-21 || total
-------------------------+-------+-------+-------+-------+-------+-------+-------++-------
Melee: Unarmed           |    92 |    89 |   462 |   619 |  1640 |  1267 |  1782 ||  5951
       Punch             |     1 |     3 |    10 |    51 |   108 |       |       ||   173
       Morningstar       |       |       |       |    21 |    33 |     1 |       ||    55
       Demon trident     |       |       |       |       |       |    78 |       ||    78
Throw: Dart              |       |     2 |     2 |       |       |       |       ||     4
       Boomerang         |       |       |       |       |       |     1 |       ||     1
       Large rock        |       |       |       |       |       |       |     1 ||     1
Invok: Lunge             |       |       |    23 |    27 |    61 |    63 |    84 ||   258
       Whirlwind         |       |       |     4 |    11 |   147 |    83 |   254 ||   499
       Serpent's Lash    |       |       |       |     3 |     7 |     5 |     6 ||    21
       Heavenly Storm    |       |       |       |       |     3 |       |     3 ||     6
 Abil: Evoke Berserk Rag |       |       |       |       |       |     4 |       ||     4
       Evoke Invisibilit |       |       |       |       |       |     1 |       ||     1
Evoke: Wand              |       |       |     2 |    38 |    35 |    79 |    17 ||   171
       Lamp of fire      |       |       |       |       |     1 |     4 |     7 ||    12
       Phantom mirror    |       |       |       |       |       |     1 |       ||     1
       Box of beasts     |       |       |       |       |       |       |     2 ||     2
       Phial of floods   |       |       |       |       |       |       |     3 ||     3
  Use: Scroll            |       |     5 |     3 |     7 |    19 |    21 |     8 ||    63
       Potion            |       |       |     2 |       |     6 |    15 |     2 ||    25
 Stab: Sleeping          |     5 |       |       |       |       |       |       ||     5
       Paralysed         |       |       |       |    16 |    19 |     7 |       ||    42
       Distracted        |       |       |       |       |     1 |       |       ||     1
       Confused          |       |       |       |       |       |     2 |       ||     2
       Invisible         |       |       |       |       |       |     3 |       ||     3
       Fleeing           |       |       |       |       |       |       |     1 ||     1
  Eat: Chunk             |    13 |    16 |    37 |    58 |   101 |    96 |    77 ||   398
       Ration            |     1 |       |       |       |       |     8 |       ||     9
Armor: Robe              |    41 |    19 |       |       |       |       |       ||    60
       Ice dragon scales |       |    18 |   211 |   383 |   862 |   669 |   214 ||  2357
       Gold dragon scale |       |       |       |       |       |       |   149 ||   149
Dodge: Dodged            |    46 |    15 |   185 |   238 |   627 |   512 |   314 ||  1937
Block: Large shield      |       |       |       |       |   266 |  1482 |  1302 ||  3050
